[Event "*** Titled Tuesday Blitz"]
[Site "Chess.com"]
[Date "2018.06.05"]
[Round "5"]
[White "Beca95"]
[Black "Ehsan_GhaemMaghami"]
[Result "1-0"]
[WhiteElo "2783"]
[BlackElo "2568"]
[TimeControl "180+2"]
[EndTime "14:15:35 PDT"]
[Termination "Beca95 won on time"]

1. d4 Nf6 2. c4 e6 3. Nc3 Bb4 4. Qc2 d6 5. Bg5 h6 6. Bh4 Nbd7 7. e3 b6 8. Ne2 Bb7 9. a3 Bxc3+ 10. Nxc3 Nf8 11. f3 Ng6 12. Bf2 c5 13. dxc5 bxc5 14.
O-O-O O-O 15. Be2 d5 16. g4 Qa5 17. h4 dxc4 18. g5 hxg5 19. hxg5 Nd5 20. Nxd5 exd5 21. f4 c3 22. f5 cxb2+ 23. Qxb2 d4 24. fxg6 Bxh1 25.
Rxh1 Rab8 26. gxf7+ Kxf7 27. Qa2+ Ke7 28. Be1 Qa4 29. Rh4 Rb3 30. Re4+ Kd8 31. exd4 Rxa3 32. Qd5+ Qd7 33. Qxd7+ Kxd7 34. dxc5 Rf5 35. Bb4 Rg3 36. Bg4 Rxg4 37. Rxg4 g6 38. Kc2 Kc6 39.
Kb3 Kb5 40. Rg3 a5 41. Ba3 Rd5 42. Kc3 a4 43. Kc2 Rf5 44. Rg2 Rf3 45. Bb2 Kxc5 46. Rh2 Rg3 47. Bf6 a3 48. Rh6 Kc4 49. Rxg6 Rg2+ 50.
Kc1 Kb3 51. Rg8 Rg1+ 52. Kd2 a2 53. Ra8 Rg3 54. Ke2 Rg1 55. Kf2 Rg4 56. Kf3 Rg1 57.
Kf4 Rf1+ 58. Kg4 Rg1+ 59. Kh5 Rf1 60. Kg6 Rg1 61. Kf7 1-0

[Event "*** Titled Tuesday Blitz"]
[Site "Chess.com"]
[Date "2018.06.05"]
[Round "5"]
[White "asms9699"]
[Black "Kimster98"]
[Result "1/2-1/2"]
[WhiteElo "2444"]
[BlackElo "2551"]
[TimeControl "180+2"]
[EndTime "14:15:42 PDT"]
[Termination "Game drawn - insufficient material"]

1. c4 e6 2. g3 d5 3. Bg2 Nf6 4. Nf3 dxc4 5. O-O c5 6. Na3 Nc6 7. Nxc4 Be7 8. b3 O-O 9. Bb2 Qc7 10. d4 Rd8 11. e3 b6 12. Qc2 Bb7 13. dxc5 Nb4 14. cxb6 axb6 15. Qc3 Nxa2 16. Qe5 Qxe5 17. Nfxe5 Bxg2 18. Kxg2 b5 19. Nb6 Ra6 20. Nc6 Re8 21. Nxe7+ Rxe7 22. Rfd1 Rxb6 23. Rxa2 Rb8 24. Be5 Rc8 25. Ra5 Rb7 26. Rc1 Rd8 27. Rc7 Rxc7 28. Bxc7 Rc8 29. Rxb5 Nd5 30. Bd6 h5 31. e4 Nc3 32.
Rb4 Ra8 33. Kf3 Ra2 34. Be5 Nd1 35. Bd4 f6 36. e5 fxe5 37. Be3 Nxe3 38. Kxe3 Kf7 39.
h3 Rb2 40. Rb8 g6 41. g4 hxg4 42. hxg4 Kf6 43. f3 Rb1 44. Kd3 Rf1 45. Ke2 Rb1 46.
b4 Rb3 47. b5 g5 48. b6 e4 49. fxe4 Ke5 50. b7 Kxe4 51. Kd2 e5 52. Kc2 Rb6 53. Kc3 Ke3 54. Kc4 e4 55. Kd5 Rb1 56. Ke5 Rb5+ 57. Kf6 Kf4 58. Ke6 Kxg4 59. Kd6 Rb1 60. Kc6 Rc1+ 61. Kd5 Rb1 62. Kxe4 Kg3 63. Kd5 g4 64. Kc6 Rc1+ 65. Kd6 Rb1 66. Kc6 Rc1+ 67. Kd6 Rd1+ 68. Kc6 Rc1+ 69. Kd6 Rb1 70. Kc6 Kg2 71. Rg8 Rxb7 72.
Kxb7 g3 73. Kc6 Kf2 74. Kd5 g2 75. Rf8+ Ke2 76. Re8+ Kf2 77. Rf8+ Ke2 78. Rg8 Kf2 79. Ke4 g1=Q 80. Rxg1 Kxg1 1/2-1/2

[Event "*** Titled Tuesday Blitz"]
[Site "Chess.com"]
[Date "2018.06.05"]
[Round "5"]
[White "IMAghasiyevKamal"]
[Black "WPWPWP-2015"]
[Result "1-0"]
[WhiteElo "2478"]
[BlackElo "2322"]
[TimeControl "180+2"]
[EndTime "14:15:44 PDT"]
[Termination "IMAghasiyevKamal won by resignation"]

1. d4 Nf6 2. c4 c6 3. Nc3 d5 4.
e3 e6 5. Nf3 Nbd7 6. Qc2 Bd6 7.
Bd3 dxc4 8. Bxc4 b5 9. Be2 O-O 10. O-O Bb7 11. Ng5 Rc8 12. Nce4 Be7 13. Nxf6+ Nxf6 14. Bf3 h6 15. Ne4 Nxe4 16. Bxe4 Qb6 17. Bd2 c5 18. Bxb7 Qxb7 19. dxc5 Rxc5 20. Qb3 Qd5 21.
Bb4 Qxb3 22. axb3 Rc7 23. Bxe7 Rxe7 24. Ra5 Rb8 25. Rc1 Rd7 26. g3 Kf8 27. Rc5 Rdb7 28. h4 Ke7 29. b4 Kd7 30. h5 Kd6 31. Kg2 Kd7 32. g4 Ke7 33. Kg3 Kd6 34. f4 Ke7 35.
Kf3 Kd6 36. g5 Ke7 37. Kg4 Kd6 38. e4 Ke7 39. e5 hxg5 40. Kxg5 f6+ 41. Kg6 fxe5 42.
fxe5 Kd7 43. Ra6 Ke7 44. Rcc6 Rh8 45. Rxe6+ Kd7 46. Rad6+ Kc8 47. Kg5 Kb8 48. Rg6 Re7 49. e6 Kc7 50. Rd7+ Rxd7 51. exd7 Kxd7 52. Rxg7+ Ke6 53.
Kg6 Rf8 54. Rxa7 Rf6+ 55. Kg7 Rf1 56. Ra6+ Ke7 57. h6 Rf7+ 58. Kg6 Rf2 59. h7 Rg2+ 60.
Kh6 Kf7 61. Ra7+ Ke6 62. h8=Q Rh2+ 63. Kg7 Rg2+ 64. Kf8 Rf2+ 65. Ke8 1-0

[Event "*** Titled Tuesday Blitz"]
[Site "Chess.com"]
[Date "2018.06.05"]
[Round "5"]
[White "AndreyOstrovskiy"]
[Black "Next_Touch"]
[Result "1/2-1/2"]
[WhiteElo "2668"]
[BlackElo "2702"]
[TimeControl "180+2"]
[EndTime "14:15:48 PDT"]
[Termination "Game drawn by agreement"]

1. e4 c5 2. Nf3 d6 3. d4 cxd4 4. Nxd4 Nf6 5. Nc3 a6 6. Be2 e6 7.
Be3 Be7 8. Qd2 b5 9. a3 Bb7 10. f3 O-O 11. g4 Nbd7 12. g5 Ne8 13. h4 Nc7 14. O-O-O d5 15. exd5 Nxd5 16. Nxd5 Bxd5 17. Nf5 Ne5 18. Qd4 f6 19. Nxe7+ Qxe7 20. gxf6 Qxf6 21. Rhg1 Nxf3 22. Bxf3 Bxf3 23. Qxf6 Rxf6 24. Rd7 g6 25. Bd4 e5 26. Bxe5 Rf7 27. Rd6 Re7 28. Bc3 Rae8 29. Rxa6 Re2 30. Ra7 R8e7 31. Rxe7 Rxe7 32. Rf1 Bg4 33.
Rf4 Bf5 34. Kd2 Re4 35. Rxe4 Bxe4 36. Bf6 Kf7 37. Bg5 Ke6 38. Kc3 Kd5 39. b3 Kc5 40.
Be3+ Kc6 41. Kb2 Bf5 42. a4 bxa4 43. bxa4 Kd5 44. Kb3 Kc6 45. c3 Bd3 46. Kb4 Ba6 47.
c4 Bc8 48. a5 Ba6 49. Bd2 Kd6 50. Kc3 Kc6 51. Kd4 Bc8 52. Bb4 Ba6 53. Bf8 Bc8 54.
c5 Ba6 55. Be7 h5 56. Ke5 Bd3 57. Kf6 Kb7 58. Ke6 Kc6 59. Bd6 Bf5+ 60. Ke7 Bd3 61. Kd8 Ba6 62. Bf8 Bb7 63. Bd6 Ba6 64. Ke7 Bc8 65. Kf6 Kb5 66. Kxg6 Bg4 67. Bc7 Kxc5 68. a6 Kc6 69. a7 Kb7 70. Bb6 Ka8 71. Bf2 Bd1 1/2-1/2

[Event "*** Titled Tuesday Blitz"]
[Site "Chess.com"]
[Date "2018.06.05"]
[Round "5"]
[White "nurmiTV"]
[Black "Keaton87"]
[Result "1/2-1/2"]
[WhiteElo "2497"]
[BlackElo "2455"]
[TimeControl "180+2"]
[EndTime "14:15:49 PDT"]
[Termination "Game drawn by repetition"]

1. c4 Nf6 2. Nc3 g6 3. g3 d5 4. cxd5 Nxd5 5. Bg2 Nb6 6. Nf3 Bg7 7. h4 h5 8. O-O Nc6 9. e3 e5 10. d4 exd4 11.
exd4 Nxd4 12. Nxd4 Qxd4 13. Re1+ Be6 14. Bxb7 Qxd1 15.
Rxd1 Rb8 16. Bc6+ Ke7 17. Bg5+ Bf6 18. Bf4 Nc4 19. Nd5+ Bxd5 20. Rxd5 Nd6 21. Re1+ Kf8 22. b3 Kg7 23. Ra5 Bd4 24. Re7 Bb6 25. Rae5 Nf5 26.
Rd7 Rhd8 27. Red5 Rxd7 28. Rxd7 Re8 29. Bxc7 Bxc7 30. Rxc7 Re1+ 31. Kg2 Rc1 32. Rxa7 Rxc6 33. b4 Rc2 34. a4 Ne3+ 35. Kf3 Nd1 36. b5 Rxf2+ 37.
Ke4 Rb2 38. Kd4 Kf6 39. Ra6+ Kf5 40. Ra7 Kg4 41. Rxf7 Kxg3 42. Rg7 Kxh4 43. Rxg6 Rb4+ 44. Kc5 Rxa4 45. b6 Ra2 46. b7 Rc2+ 47. Kb6 Rb2+ 48.
Ka7 Nc3 49. b8=Q Rxb8 50. Kxb8 Nd5 51. Kb7 Nf4 52. Rg8 Kh3 53. Kc6 h4 54. Kd6 Kh2 55. Ke5 Ne2 56. Ke4 h3 57. Kf3 Nd4+ 58. Kf2 Nf5 59.
Rg4 Nd6 60. Rf4 Nb7 61. Rd4 Nc5 62. Kf3 Ne6 63. Rd2+ Kg1 64. Kg3 Kf1 65. Kxh3 Nf4+ 66. Kg3 Ne2+ 67. Kf3 Ng1+ 68. Ke3 Nh3 69. Rh2 Ng1 70.
Rf2+ Ke1 71. Ra2 Kf1 72. Rf2+ Ke1 73. Rf5 Nh3 74. Rh5 Ng1 75. Rh2 Kf1 76. Rf2+ 1/2-1/2

[Event "*** Titled Tuesday Blitz"]
[Site "Chess.com"]
[Date "2018.06.05"]
[Round "5"]
[White "SantoBlue"]
[Black "saikrishnaReturns"]
[Result "1-0"]
[WhiteElo "2798"]
[BlackElo "2638"]
[TimeControl "180+2"]
[EndTime "14:15:55 PDT"]
[Termination "SantoBlue won by checkmate"]

1. e4 e5 2. Nf3 Nc6 3. Bb5 a6 4.
Ba4 d6 5. d4 b5 6. Bb3 Nxd4 7.
Nxd4 exd4 8. c3 d3 9. Qxd3 Nf6 10. O-O Be7 11. Bg5 O-O 12. Nd2 Ng4 13. Bxe7 Qxe7 14. f4 Bb7 15. Rae1 Rae8 16. Bc2 f5 17. h3 Nf6 18. e5 Ne4 19. exd6 Qxd6 20. Nxe4 fxe4 21.
Qxd6 cxd6 22. Re3 d5 23. g3 Rf6 24. Rd1 Kf8 25. h4 Ree6 26. Kf2 a5 27. Rd4 Rb6 28. Bb3 a4 29. Bxd5 Bxd5 30. Rxd5 b4 31. Rxe4 bxc3 32. bxc3 Rfc6 33. Rd3 Rb2+ 34. Re2 a3 35. c4 Rxc4 36. Rxa3 Rb7 37. Kf3 Rc1 38. Rb3 Ra7 39. Reb2 Rcc7 40. a3 g6 41. Rd3 Kg7 42. Rbb3 Ra4 43. Rb4 Ra6 44. a4 Rca7 45. Rdd4 Kf6 46. g4 h6 47. g5+ hxg5 48. hxg5+ Kf7 49. Ke4 Re6+ 50. Kd3 Rea6 51. Kc3 Ke6 52. Kb3 Kf5 53. Rd5+ Kg4 54. Rd1 Rf7 55.
Rg1+ Kf3 56. Rf1+ Ke3 57. Re1+ Kf3 58. Rc1 Kg4 59. Rc5 Rf8 60. a5 Rf7 61. Ka4 Ra8 62.
Rcb5 Rxf4 63. Rxf4+ Kxf4 64. Rc5 Rb8 65. a6 Rb1 66. Ka5 Rb2 67. Rc4+ Kxg5 68. a7 Ra2+ 69. Ra4 Rxa4+ 70. Kxa4 Kh5 71. a8=Q g5 72. Qg2 g4 73. Kb4 Kg5 74. Kc5 Kf5 75. Kd5 Kf4 76. Kd4 Kg5 77. Ke3 Kf6 78. Kf4 Ke6 79. Qxg4+ Kd6 80. Qf5 Kc6 81. Ke4 Kb6 82. Kd4 Ka6 83. Kc5 Kb7 84. Qf7+ Ka8 85. Kb6 Kb8 86. Qg8# 1-0

[Event "*** Titled Tuesday Blitz"]
[Site "Chess.com"]
[Date "2018.06.05"]
[Round "5"]
[White "OK97"]
[Black "AlexanderL"]
[Result "0-1"]
[WhiteElo "2656"]
[BlackElo "2727"]
[TimeControl "180+2"]
[EndTime "14:16:16 PDT"]
[Termination "AlexanderL won by resignation"]

1. c4 e6 2. Nc3 d5 3. d4 Nf6 4.
cxd5 Nxd5 5. e4 Nxc3 6. bxc3 c5 7. Rb1 Be7 8. Nf3 O-O 9. h4 cxd4 10. cxd4 b6 11. a3 Bb7 12. Bd3 e5 13. dxe5 Nd7 14.
Be3 Nc5 15. Bxc5 Bxc5 16. Qb3 Qe7 17. a4 Rad8 18. O-O Kh8 19. Rbd1 f5 20. exf6 Rxf6 21. Bc2 Rdf8 22. Qd3 Rxf3 23. gxf3 Qxh4 24. Bb3 Qg3+ 25.
Kh1 Qh3+ 26. Kg1 Bc8 27. f4 Qg4+ 28. Kh2 Qxf4+ 29. Qg3 Qxe4 30. Bd5 Qe7 31. Bg2 Ba6 32. Rfe1 Qf6 33. f4 Bc8 34. Qg5 Qxg5 35. fxg5 g6 36. Bd5 Kg7 37. Be6 Bxe6 38. Rxe6 Rf7 39. Rd5 h6 40.
gxh6+ Kxh6 41. a5 Rf2+ 42. Kg3 Ra2 43. axb6 axb6 44. Rc6 Ra3+ 45. Kg2 Rc3 46. Re5 Rc2+ 47. Kf3 Rf2+ 48. Kg4 Rg2+ 49. Kh3 Rg1 50. Ree6 Kh5 51. Kh2 Rg4 52. Kh3 Rg1 53. Kh2 Rg5 54. Rc8 Rf5 55. Rce8 g5 56. Kg2 Kg4 57. Re4+ Rf4 58. R4e5 Rf2+ 59.
Kh1 Rf1+ 60. Kg2 Rg1+ 61. Kh2 Rd1 62. Re2 Bd6+ 63. Kg2 Bf4 64. R8e4 Rb1 65. Rc2 b5 66. Re8 b4 67. Re7 b3 68. Rce2 Rc1 69. Rb7 Rc3 70. Rb2 Rc2+ 71. Rxc2 bxc2 72. Rc7 c1=Q 73. Rxc1 Bxc1 0-1

[Event "*** Titled Tuesday Blitz"]
[Site "Chess.com"]
[Date "2018.06.05"]
[Round "5"]
[White "Hrant_ChessMood"]
[Black "VitaliyBernadskiy"]
[Result "0-1"]
[WhiteElo "2915"]
[BlackElo "2650"]
[TimeControl "180+2"]
[EndTime "14:16:22 PDT"]
[Termination "VitaliyBernadskiy won by resignation"]

1. d4 Nf6 2. c4 c5 3. d5 b5 4. cxb5 a6 5. bxa6 e6 6. Nc3 exd5 7. Nxd5 Nxd5 8. Qxd5 Rxa6 9. Qe5+ Be7 10. Qxb8 O-O 11.
Nf3 d5 12. Qf4 c4 13. g3 Re8 14. Bg2 Bb4+ 15. Bd2 Re4 16. Qg5 Be7 17. Qe3 Rxe3 18. Bxe3 Bf6 19. Nd4 Qa5+ 20. Kf1 Qb6 21. Rd1 Qxb2 22.
Bf3 Bh3+ 23. Bg2 Be6 24. Bf3 c3 25. Kg2 c2 26. Rd3 Rxa2 27. Rc1 Bxd4 28. Rxd4 Ra1 29. Rb4 Qxb4 30. Rxa1 h6 31. h4 Qb1 32. Ra8+ Kh7 33. Ra5 c1=Q 34. Bxc1 Qxc1 35. Bxd5 Bxd5+ 36. Rxd5 Qc4 37. Re5 f6 38. Re3 g5 39. hxg5 hxg5 40.
f3 f5 41. Re5 Kg6 42. Re8 Qb5 43. Re6+ Kf7 44. Re3 Kf6 45. Kf1 Qb1+ 46. Kg2 Qb5 47. Kf1 g4 48. f4 Qd5 49. Rd3 Qh1+ 50. Kf2 Ke6 51. Ke3 Qe1 52. Kd4 Qb4+ 53. Ke3 Qe1 54. Kd4 Qa1+ 55. Ke3 Qc1+ 56. Kf2 Qh1 57. Re3+ Kd5 58.
Rd3+ Kc4 59. Re3 Qh2+ 60. Kf1 Kd4 61. Rd3+ Ke4 62. Ra3 Qh1+ 63. Kf2 Qd1 64. Re3+ Kd4 65.
Ra3 Qc2 66. Re3 Qc5 67. Rd3+ Ke4+ 68. Kf1 Qc4 69. Rd8 Qb5 70. Rd1 Ke3 71. Rd3+ Qxd3 72.
exd3 Kxd3 73. Kf2 Kd2 74. Kf1 Ke3 75. Kg2 Ke2 76. Kh1 Kf3 77. Kh2 Kf2 0-1

[Event "*** Titled Tuesday Blitz"]
[Site "Chess.com"]
[Date "2018.06.05"]
[Round "5"]
[White "ezkybel"]
[Black "bait_or_mate"]
[Result "1-0"]
[WhiteElo "2354"]
[BlackElo "2399"]
[TimeControl "180+2"]
[EndTime "14:16:24 PDT"]
[Termination "ezkybel won by resignation"]

1. e4 c5 2. Nf3 e6 3. d4 cxd4 4. Nxd4 Nc6 5. Nxc6 bxc6 6. Bd3 d5 7. Nd2 Nf6 8. O-O Be7 9. b3 O-O 10. Bb2 a5 11. a4 Ba6 12. Bxa6 Rxa6 13. exd5 cxd5 14. Qe2 Rc6 15. Rac1 Qb6 16. c4 Rd8 17. h3 Rcc8 18. Rfd1 dxc4 19. Nxc4 Qxb3 20. Rxd8+ Rxd8 21. Nxa5 Qxa4 22. Nc6 Re8 23. Nxe7+ Rxe7 24. Bxf6 gxf6 25. Rc8+ Kg7 26. Qf3 Qa1+ 27. Kh2 Qe5+ 28. g3 Rc7 29. Qg4+ Kh6 30. Rg8 Qg5 31. Rxg5 fxg5 32. h4 Rc5 33. Qd4 Rf5 34.
h5 e5 35. Qb6+ Kxh5 36. Kh3 g4+ 37. Kg2 h6 38. Qb1 Kg5 39. Qc1+ Kg6 40. Qc6+ Kg5 41. Qe4 f6 42. Qe3+ Kg6 43. Qd3 h5 44. Qd7 Rf3 45. Qe8+ Kh6 46. Qf7 e4 47. Qf8+ Kg6 48. Qe8+ Kg5 49.
Qxe4 f5 50. Qe7+ Kg6 51. Qe6+ Kg5 52. Qg8+ Kh6 53. Kg1 f4 54. Qf7 fxg3 55. Qe6+ Kg5 56. Qe5+ Kg6 57. fxg3 Rf5 58. Qe4 Kg5 59. Qe3+ Kg6 60.
Qe4 Kg5 61. Qe7+ Kg6 62. Qe8+ Kg7 63. Kg2 Rg5 64. Qe7+ Kg6 65. Qe6+ Kg7 66. Kf2 Kh7 67. Ke3 Rg6 68. Qf7+ Kh6 69. Kf4 Rg7 70. Qf6+ Kh7 71. Kf5 Kg8 72. Qd8+ Kh7 73. Qe8 h4 74. Qh5+ Kg8 75.
Qxh4 Kf7 76. Qh5+ Kf8 77. Kf6 Kg8 78. Qh6 Rf7+ 79. Ke6 Re7+ 80. Kf5 Rg7 81. Qe6+ Rf7+ 82. Kg6 Kh8 83. Kxf7 1-0

[Event "*** Titled Tuesday Blitz"]
[Site "Chess.com"]
[Date "2018.06.05"]
[Round "5"]
[White "michaelk123"]
[Black "enriquetejedor"]
[Result "0-1"]
[WhiteElo "2436"]
[BlackElo "2555"]
[TimeControl "180+2"]
[EndTime "14:16:26 PDT"]
[Termination "enriquetejedor won by resignation"]

1. e4 c5 2. Nf3 e6 3. d4 cxd4 4. Nxd4 Qb6 5. Nb3 Nf6 6. Bd3 Nc6 7. Be3 Qc7 8. Nc3 Be7 9. O-O O-O 10. f4 d6 11. Kh1 a6 12. a4 b6 13. Qe1 Bb7 14. Nd2 Nb4 15. Nc4 Nd7 16. Rf3 Nxd3 17. cxd3 d5 18. exd5 exd5 19. Nxb6 Nxb6 20. Bxb6 Qxb6 21. Qxe7 Qxb2 22. Rb1 Qxc3 23. Qxb7 Rfe8 24. h3 h6 25. f5 Qe5 26. Rbf1 Reb8 27. Qd7 Rd8 28.
Qc6 Rdc8 29. Qb6 Rab8 30. Qxa6 Rc2 31. Qa7 Rbb2 32. Qg1 Rxg2 33. Qxg2 Rxg2 34. Kxg2 Qb2+ 35. R1f2 Qa3 36. Rf4 Qxd3 37. f6 g5 38. Rg4 Kh7 39. h4 Kg6 40. hxg5 h5 41. Rg3 Qe4+ 42. Kh2 Qxa4 43.
Rff3 Qc2+ 44. Kh3 Qd1 45. Kg2 Qe1 46. Re3 Qd2+ 47. Kh3 d4 48. Rd3 Qe1 49. Kg2 Qe2+ 50. Kh3 Qf1+ 51. Kh2 Qe2+ 52. Kh3 Qe4 53. Rgf3 Qg4+ 54.
Kh2 h4 55. Rh3 Qe2+ 56. Kg1 Qe1+ 57. Kg2 Kxg5 58. Rhf3 Qe2+ 59. Kh3 Qe1 60. Kg2 Qa1 61. Rb3 Kg4 62. Rbd3 Qb2+ 63. Kg1 Qb1+ 64. Kg2 Qa1 65. Kf2 Qa7 66. Kg2 Qc5 67. Kf2 Qd5 68. Ke2 Qe5+ 69.
Kf2 Qe4 70. Rb3 Qe5 71. Rbd3 Qh2+ 72. Kf1 h3 73. Rxh3 Qxh3+ 74. Rxh3 Kxh3 75. Ke2 Kg4 76. Kd3 Kf5 77. Kxd4 Kxf6 78. Ke4 Kg5 79. Ke3 Kg4 80. Ke2 Kf4 81. Kf1 Kf3 82. Ke1 f5 83. Kf1 f4 84.
Ke1 Kg2 0-1

[Event "*** Titled Tuesday Blitz"]
[Site "Chess.com"]
[Date "2018.06.05"]
[Round "5"]
[White "MFBerna"]
[Black "ama18"]
[Result "1-0"]
[WhiteElo "2246"]
[BlackElo "2251"]
[TimeControl "180+2"]
[EndTime "14:16:38 PDT"]
[Termination "MFBerna won by resignation"]

1. e4 e6 2. d4 d5 3. Nd2 Be7 4. Ngf3 Nf6 5. e5 Nfd7 6. Bd3 c5 7. c3 Nc6 8. O-O g5 9. dxc5 g4 10. Nd4 Ndxe5 11. Bb5 Bd7 12. b4 h5 13. Bb2 Nxd4 14.
Bxd7+ Qxd7 15. cxd4 Nd3 16. Qb3 Nf4 17. Rae1 h4 18. Nb1 O-O-O 19. Bc1 Bg5 20. Bxf4 Bxf4 21. Nc3 Bb8 22. b5 Qc7 23. g3 hxg3 24. fxg3 Rxh2 25. Nxd5 Qxg3+ 26. Qxg3 Bxg3 27. Ne7+ Kd7 28. Rxf7 Ke8 29. Rg7 Rxd4 30. Nf5 Bxe1 31. Nxd4 Rxa2 32. Nxe6 Re2 33. Nc7+ Kd8 34. b6 axb6 35. cxb6 g3 36. Kf1 Re5 37. Na8 Kc8 38. Rg8+ Kd7 39. Rg7+ Kc8 40. Rg8+ Kd7 41. Rg7+ Kd6 42. Rxb7 Bf2 43. Rg7 Re1+ 44. Kg2 Rg1+ 45. Kf3 Bxb6 46. Nxb6 Rb1 47. Nc4+ Kc5 48. Ne3 Rb2 49. Rg5+ Kd4 50. Rg4+ Kd3 51. Rxg3 Rb8 52. Nf5 Rf8 53. Kf4+ Kc4 54. Ke5 Kc5 55. Rc3+ Kb4 56. Rc1 Rh8 57. Kd4 Rd8+ 58.
Ke4 Re8+ 59. Kd3 Rd8+ 60. Nd4 Rh8 61. Rc4+ Ka5 62. Rc1 Rh3+ 63. Kc4 Rh8 64. Rb1 Rc8+ 65. Kd5 Rd8+ 66. Kc5 Ka6 67. Rb6+ Ka7 68. Nc6+ Ka8 69. Nxd8 1-0

[Event "*** Titled Tuesday Blitz"]
[Site "Chess.com"]
[Date "2018.06.05"]
[Round "5"]
[White "igorkovalenko"]
[Black "ShimanovAlex"]
[Result "1-0"]
[WhiteElo "2850"]
[BlackElo "2714"]
[TimeControl "180+2"]
[EndTime "14:16:45 PDT"]
[Termination "igorkovalenko won on time"]

1. d4 d5 2. c4 e6 3. Nc3 Nf6 4. Bg5 Be7 5. e3 Nbd7 6. Rc1 h6 7. Bh4 c6 8. Nf3 O-O 9. a3 a6 10. c5 e5 11. Be2 e4 12. Nd2 Ne8 13. Bg3 f5 14. b4 Nc7 15. O-O Ne6 16. f4 g5 17.
Qe1 Qe8 18. Nb3 Qg6 19. a4 Kh8 20. Kh1 Nf6 21. Ra1 Nh5 22. Bxh5 Qxh5 23. b5 a5 24. Ne2 Bd8 25. b6 Bd7 26. Ra2 Qg6 27. Nxa5 Bc8 28.
Nb3 Rg8 29. a5 Ra6 30. Qf2 Rf8 31. Qe1 Kh7 32. Na1 Qf6 33. Nc2 g4 34. Nb4 h5 35. Nxa6 bxa6 36. Nc3 h4 37. Bxh4 Qxh4 38. Qxh4+ Bxh4 39. g3 Bd8 40. h3 Ng7 41. Rh2 Kg6 42. Kg2 gxh3+ 43. Rxh3 Nh5 44. Rfh1 Nf6 45. Rh6+ Kg7 46. Kf1 Bb7 47. Na2 Be7 48. Nb4 Bd8 49. Ke2 Be7 50. Na2 Rg8 51. Nc3 Bc8 52. Nd1 Bb7 53.
Nf2 Bc8 54. R1h4 Bb7 55. Nh3 Kf7 56. Ng5+ Ke8 57. Rh8 Kf8 58. R8h6 Bc8 59. Kf2 Bb7 60. Kg2 Bc8 61. Kf1 Bb7 62. Ke2 Bc8 63. Kf2 Bb7 64.
Rxf6+ Bxf6 65. Nh7+ Ke7 66. Nxf6 Kxf6 67. Rh7 Rg7 68.
Rh8 Rf7 69. Kg2 Rg7 70. Kh3 Kg6 71. g4 fxg4+ 72. Kxg4 Kf6+ 73. Kh5 Rg3 74. Rb8 Rh3+ 75. Kg4 Rh7 76. Rf8+ Ke7 77. Rb8 Kf6 78. f5 Rg7+ 79. Kf4 Rf7 80. Rg8 Rh7 81. Rg6+ Ke7 82. Ke5 Rf7 83. Rg8 Kd7 84. f6 Bc8 85. Rh8 1-0

[Event "*** Titled Tuesday Blitz"]
[Site "Chess.com"]
[Date "2018.06.05"]
[Round "5"]
[White "Micki-taryan"]
[Black "Paralinch"]
[Result "1/2-1/2"]
[WhiteElo "2833"]
[BlackElo "2837"]
[TimeControl "180+2"]
[EndTime "14:16:52 PDT"]
[Termination "Game drawn by repetition"]

1. d4 d5 2. c4 dxc4 3. Nf3 a6 4.
e3 Nf6 5. Bxc4 e6 6. O-O c5 7.
dxc5 Bxc5 8. Qxd8+ Kxd8 9. Be2 Ke7 10. Nbd2 b6 11. b3 Bb7 12. Ne5 Nbd7 13. Nd3 Rhd8 14. Nc4 Ne4 15. Nxc5 bxc5 16. Bb2 a5 17. Rfd1 a4 18.
f3 Nef6 19. e4 Ne8 20. Bc3 Ba6 21. bxa4 Bxc4 22. Bxc4 Nb6 23. Rxd8 Kxd8 24. Bb3 Nxa4 25. Rd1+ Ke7 26. Be1 f6 27. Rc1 Nd6 28. Bg3 e5 29. Bd5 Ra6 30. Bf2 Nb6 31. Bb3 c4 32. Bd1 Na4 33.
Be2 Nb2 34. Bc5 Nd3 35. Bxd6+ Kxd6 36. Rxc4 Nf4 37. Rc2 Ra3 38. Bc4 h5 39. g3 Ne6 40.
Bxe6 Kxe6 41. Kf2 g5 42. h3 h4 43. Rb2 Kf7 44. Kg2 Kg6 45. Rf2 Kg7 46. Kh2 Kf7 47. Kg2 Kg6 48. Rb2 Kg7 49. Kf2 Kg6 50. Rc2 Kg7 51. Rd2 Kg6 52. Re2 Kg7 53. Rc2 Kg6 54. Rb2 Kg7 55. g4 Kg6 56. Re2 Kf7 57. Rd2 Ke6 58. Ke2 Ke7 59. Rb2 Ke6 60. Rb6+ Ke7 61. Rb7+ Ke6 62. Rb2 Ke7 63. Rc2 Ke6 64. Rc6+ Ke7 65.
Rc2 Ke6 66. Kf2 Ke7 67. Re2 Ke6 68. Kg2 Ke7 69. Rf2 Ke6 70. Kf1 Ke7 71. Ke1 Kd6 72. Rd2+ Ke6 73. Ke2 Ke7 74. Rb2 Ke6 75. Rb6+ Ke7 76.
Rb7+ Ke6 77. Rb2 Ke7 78. Kf2 Ke6 79. Kg2 Ke7 80. Rf2 Ke6 81. Kf1 Re3 82. Kg1 Ra3 83.
Kg2 Ke7 84. Kf1 Re3 85. Kg2 Ra3 86. Rd2 Ke6 87. Kf2 Ke7 88. Ke2 Ke6 89. Rb2 Ke7 90. Rb7+ Ke6 91. Rb2 Ke7 92. Kf2 Ke6 93. Re2 Ke7 94.
Kg2 Ke6 95. Rf2 Ke7 96. Kg1 Ke6 97. Kf1 Re3 98. Kg2 Ra3 99. Re2 Ke7 100. Kf2 Ke6 101. Rd2 Ke7 102. Rc2 Ke6 103. Rb2 Ke7 104. Ke2 Ke6 105. Rc2 Ke7 106. Rd2 Ke6 107. Rb2 1/2-1/2

[Event "*** Titled Tuesday Blitz"]
[Site "Chess.com"]
[Date "2018.06.05"]
[Round "5"]
[White "UNDERTAKER2001"]
[Black "vovachesss"]
[Result "0-1"]
[WhiteElo "2352"]
[BlackElo "2395"]
[TimeControl "180+2"]
[EndTime "14:18:08 PDT"]
[Termination "vovachesss won by resignation"]

1. d4 Nf6 2. c4 c5 3. d5 b5 4. cxb5 a6 5. bxa6 Bxa6 6. Nc3 g6 7. e4 Bxf1 8. Kxf1 d6 9. Nf3 Bg7 10. g3 O-O 11. Kg2 Nbd7 12. a4 Qa5 13. Bd2 Rfb8 14. Nb5 Qb6 15. Qc2 Ne8 16. Bg5 Kf8 17. Nd2 Nc7 18. Nc4 Qb7 19. Bxe7+ Kxe7 20. Ncxd6 Qb6 21. Nc4 Nxb5 22. Nxb6 Nd4 23. Qd2 Rxb6 24. a5 Rb3 25. a6 Nf3 26. Qf4 Be5 27. Qxf3 Rxf3 28. Kxf3 Bxb2 29. Ra2 Ne5+ 30. Ke2 Bd4 31. Rb1 Kd7 32. Rb7+ Kd6 33. f4 Nd7 34. e5+ Ke7 35. Kd3 Kd8 36. e6 fxe6 37. dxe6 Nb8 38. a7 Nc6 39. Rxh7 Nb4+ 40.
Kc4 Nxa2 41. Rf7 Ke8 42. Rb7 Rxa7 43. Rxa7 Nb4 44. g4 Nc6 45. Rc7 Ne7 46. Kd3 Nd5 47. Rf7 Ne3 48. h3 Nd5 49. h4 Ne3 50. h5 gxh5 51.
gxh5 Ng4 52. Ke4 Nf6+ 53. Kf5 Nxh5 54. Kg6 Nf6 55. f5 c4 56. Rc7 c3 57. Rc4 Be5 58. Rc5 Ne4 59. Rxe5 c2 60. Rxe4 c1=Q 61. f6 Qg1+ 62.
Kf5 Qf2+ 63. Ke5 Qc5+ 64. Kf4 Qd6+ 65. Kf5 Qd5+ 66. Kf4 Qd2+ 67. Kf5 Qf2+ 68. Rf4 Qc5+ 69. Kg6 Qc2+ 70. Kg5 Qg2+ 71. Rg4 Qd5+ 72. Kg6 Qxe6 73. Rh4 Qf7+ 74. Kf5 Kd7 75. Rd4+ Kc6 76. Re4 Kd6 77. Rd4+ Kc5 78. Re4 Kd5 79. Re7 Qh5+ 80. Kf4 Kd6 81.
Re3 Qg6 82. Re4 Qxf6+ 83. Ke3 Kd5 84. Rf4 Qc3+ 85. Kf2 Ke5 86. Rf3 Qd2+ 87. Kg3 Ke4 88. Rf2 Qg5+ 89. Kh2 Ke3 90. Rg2 Qh4+ 91. Kg1 Kf3 92.
Rg8 Qh6 93. Rg2 Qc1+ 94. Kh2 Qc7+ 95. Kg1 Qc5+ 96. Kh2 Qd6+ 97. Kg1 Qd4+ 98. Kh2 Qf4+ 99. Kg1 Qh6 100. Rg8 Qb6+ 101. Kh2 Qb2+ 102. Kg1 Qa1+ 103. Kh2 Qa2+ 0-1

[Event "*** Titled Tuesday Blitz"]
[Site "Chess.com"]
[Date "2018.06.05"]
[Round "5"]
[White "Fighterman91"]
[Black "The_Unbeatable_One"]
[Result "1-0"]
[WhiteElo "2588"]
[BlackElo "2593"]
[TimeControl "180+2"]
[EndTime "14:18:09 PDT"]
[Termination "Fighterman91 won by resignation"]

1. e4 e5 2. Nf3 Nc6 3. d4 exd4 4.
Nxd4 Nf6 5. Nxc6 bxc6 6. e5 Qe7 7. Qe2 Nd5 8. c4 Nb6 9. Nc3 Qe6 10. Qe4 Bb7 11. Bd3 O-O-O 12. O-O c5 13. Qe2 f6 14. exf6 Qxf6 15. Be4 c6 16. Bf3 Bd6 17. Ne4 Qe5 18.
Nxd6+ Qxd6 19. Be3 Rhe8 20. Qc2 Ba6 21. b3 h6 22.
Rad1 Qe5 23. a4 Bb7 24. a5 Na8 25. b4 cxb4 26. Bxa7 Qc3 27. Qxc3 bxc3 28. Rc1 d6 29. Bd4 Re7 30. Bxc3 c5 31. Bxb7+ Rxb7 32. Rfd1 g6 33. h3 Nc7 34. Re1 Rd7 35. Rb1 d5 36. Rxb7 Kxb7 37.
Rb1+ Ka7 38. cxd5 Nxd5 39. Bd2 h5 40. g4 hxg4 41. hxg4 c4 42. Rc1 Rc7 43. Kf1 c3 44.
Be1 Ka6 45. Ke2 Kxa5 46. Kd3 Nf4+ 47. Kc2 Nd5 48. Kb3 Rb7+ 49. Kc4 Nb6+ 50. Kxc3 Kb5 51.
Rb1+ Kc6 52. Kc2 Rf7 53. Kd3 Nd5 54. Rc1+ Kd6 55. Ke2 Rf4 56. f3 Ra4 57. Bg3+ Ke6 58. Rc6+ Kf7 59. Rc2 Ra3 60. Kf2 Nf6 61. Be5 Nd5 62. Bg3 Rd3 63. Ra2 Rb3 64. Rd2 Ke6 65. Re2+ Kf7 66. Be5 Rd3 67. Kg3 Rb3 68. Bd4 Rb4 69.
Rd2 Rb3 70. Bc5 Nf6 71. Re2 Nd5 72. Re5 Rd3 73. Bf2 Kf6 74. Re1 Kf7 75. Re2 Nf6 76.
Re3 Rd1 77. Be1 Nd5 78. Re2 Rd3 79. Bd2 Nf6 80. Bg5 Nd5 81. Re5 Rd1 82. Kf2 Rd4 83.
Ke2 Nc3+ 84. Ke3 Rd7 85. f4 Nd5+ 86. Ke4 Nc3+ 87. Ke3 Nd5+ 88. Kf3 Nc3 89. Re3 Nd5 90. Rd3 Ke6 91. Ke4 Nf6+ 92. Bxf6 Rxd3 93. Kxd3 Kxf6 94.
Kd4 Ke6 95. Kc5 Ke7 96. Kd5 Kf6 97. Kd6 Kf7 98. Ke5 Ke7 99. g5 Kf7 100. Kd6 Kf8 101. Ke6 Kg7 102. Ke7 Kg8 103. Kf6 1-0